 Dungeon Crawl Stone Soup version 0.19.5 (webtiles) character file.

46 tidbits the Ducker (level 3, 0/24 HPs)
             Began as a High Elf Wanderer on Aug 20, 2017.
             Slain by an adder (1 damage)
             ... on level 2 of the Dungeon.
             The game lasted 00:03:32 (479 turns).

tidbits the Ducker (High Elf Wanderer)               Turns: 479, Time: 00:03:32

Health: 0/24       AC:  6    Str: 13    XL:     3   Next: 46%
Magic:  7/7        EV: 11    Int: 14    God:
Gold:   55         SH:  0    Dex: 15    Spells: 0 memorised, 6 levels left

rFire  . . .     SeeInvis .     a - +2 quarterstaff
rCold  . . .     Gourm    .     B - +0 ring mail
rNeg   . . .     Faith    .     (shield currently unavailable)
rPois  .         Spirit   .     (no helmet)
rElec  .         Reflect  .     C - +0 cloak
rCorr  .         Harm     .     (no gloves)
MR     .....                    (no boots)
Stlth  +.........               (no amulet)
                                (no ring)
                                (no ring)

@: lethally poisoned (0 -> -4)
A: no striking features
a: no special abilities


You were on level 2 of the Dungeon.
You were not hungry.

You visited 1 branch of the dungeon, and saw 2 of its levels.

You collected 55 gold pieces.

Inventory:

Hand Weapons
 a - a +2 quarterstaff (weapon)
Missiles
 h - 26 bolts
Armour
 d - a +0 robe
 p - a +0 buckler
   (You found it on level 2 of the Dungeon)
 B - a +0 ring mail (worn)
   (You found it on level 2 of the Dungeon)
 C - a +0 cloak (worn)
   (You found it on level 1 of the Dungeon)
Scrolls
 k - a scroll of teleportation {unknown}
 l - a scroll of enchant weapon {unknown}
 o - a scroll of noise {unknown}
 r - a scroll of fear {unknown}
 s - a scroll of blinking {unknown}
Potions
 c - a potion of curing
 e - a potion of degeneration {unknown}
 g - a potion of haste {unknown}
 m - a potion of flight {unknown}
Books
 b - the Papyrus of Transmutation

   Spells                             Type                      Level
   a - Beastly Appendage              Transmutation                1
   b - Spider Form                    Transmutation/Poison         3
Comestibles
 f - a bread ration
 i - 3 fruits
 j - 2 meat rations
 n - a chunk of flesh
 q - a royal jelly


   Skills:
 + Level 2.2 Fighting
 - Level 1.0 Staves
 - Level 1.0 Throwing
 + Level 2.5 Dodging
 - Level 1.1 Stealth
 - Level 2.4 Spellcasting
   Level 1.1 Conjurations
   Level 2.0 Fire Magic
   Level 1.0 Evocations


You had 6 spell levels left.
You didn't know any spells.

Dungeon Overview and Level Annotations

Branches:
Dungeon (2/15)

Altars:


Message History

Found a buckler.
Found 11 gold pieces.
Found 5 gold pieces.
An adder comes into view.
The adder bites you but does no damage.
You hit the adder.
The adder is heavily wounded.
The adder bites you but does no damage. The adder closely misses you.
You closely miss the adder.
The adder is heavily wounded.
The adder completely misses you.
You hit the adder.
The adder is almost dead.
The adder bites you but does no damage. The adder closely misses you.
You sock the adder!
You kill the adder!
You have reached level 3!
Your experience leads to an increase in your attributes!
Increase (S)trength, (I)ntelligence, or (D)exterity?
You feel clever. x2
Unknown command.
You see here a buckler.
p - a buckler You now have 44 gold pieces (gained 5).
An adder comes into view.
Found a royal jelly and a scroll labeled CYS NUUTEREY.
Found 10 stones.
The adder hisses angrily.
You closely miss the adder. The adder bites you.
* * * LOW HITPOINT WARNING * * *
You miss the adder. The adder bites you.
* * * LOW HITPOINT WARNING * * *
The adder bites you.
* * * LOW HITPOINT WARNING * * *
You sock the adder!
The adder is almost dead.
The adder barely misses you.
You hit the adder.
You kill the adder!
You see here an adder corpse.
You now have 55 gold pieces (gained 11).
Found a stone staircase leading up.
Found a stone staircase leading down.
q - a royal jelly
r - a scroll labeled CYS NUUTEREY You open the door.
There is an open door here.
Found a scroll labeled TIMO XYZICREORIPRO.
s - a scroll labeled TIMO XYZICREORIPRO As you open the door, it creaks loudly!
A goblin comes into view.
The goblin shouts!
There is an open door here.
You hit the goblin.
The goblin is moderately wounded.
The goblin barely misses you. x2
You are too injured to fight recklessly!
You sock the goblin!
You kill the goblin!
Found a stone staircase leading down.
You open the door.
There is an open door here.
Found a scroll labeled NYONISKAI.
Found a leather armour.
A giant cockroach comes into view.
An adder comes into view.
You hit the giant cockroach.
The giant cockroach is lightly wounded.
The giant cockroach bites you.
* * * LOW HITPOINT WARNING * * *
You hit the giant cockroach.
The giant cockroach is moderately wounded.
The adder hisses angrily.
The giant cockroach bites you but does no damage.
The giant cockroach completely misses you.
You closely miss the giant cockroach.
The giant cockroach is moderately wounded.
The giant cockroach closely misses you.
You hit the giant cockroach.
You kill the giant cockroach!
You closely miss the adder. The adder closely misses you.
The adder barely misses you.
You closely miss the adder. The adder bites you.
* * * LOW HITPOINT WARNING * * *
You closely miss the adder. The adder closely misses you.
The adder barely misses you.
You miss the adder. The adder misses you. The adder barely misses you.
You closely miss the adder. The adder bites you.
* * * LOW HITPOINT WARNING * * *
You hit the adder.
The adder is lightly wounded.
The adder bites you.
* * * LOW HITPOINT WARNING * * *
You are lethally poisoned!
The adder poisons you! The adder closely misses you.
You hit the adder.
The adder is moderately wounded.
* * * LOW HITPOINT WARNING * * *
You feel sick. The adder closely misses you. The adder bites you.
You die...

........... ....
...........
....################.###
................# #.###
#..............# #....
#..............####..#
#..............'......
#...S..........####..#
#...?@.........# ....
#..............# ....
#.[............# #....
#..............+ #....
#..............# #....
#..............# #.#
#..............#
#..............#
################


You could see an adder.

Vanquished Creatures
  3 adders (D:2)
  A dart slug (D:1)
  2 leopard geckos (D:1)
  3 giant cockroaches
  2 goblins (D:2)
  A hobgoblin (D:1)
  2 kobolds (D:1)
  3 rats
17 creatures vanquished.

Notes
Turn   | Place    | Note
-------+----------+-------------------------------------------
     0 | D:1      | tidbits the High Elf Wanderer began the quest for the Orb.
     0 | D:1      | tidbits set off with: a +2 quarterstaff, the Papyrus of Transmutation, a potion of curing, a +0 robe, a bread ration
     0 | D:1      | Reached XP level 1. HP: 13/13 MP: 4/4
     0 | D:1      | Identified the Papyrus of Transmutation
    78 | D:1      | Reached skill level 1 in Dodging
   118 | D:1      | Reached XP level 2. HP: 12/18 MP: 6/6
   331 | D:2      | Reached skill level 2 in Dodging
   358 | D:2      | Reached skill level 2 in Fighting
   391 | D:2      | Reached XP level 3. HP: 13/24 MP: 7/7
   478 | D:2      | HP: 2/24 [adder (3)]
   479 | D:2      | Slain by an adder

Skill      XL: |  1  2 |
---------------+-------+-----
Dodging        | 1 2 |  2.5
Fighting       | 2 |  2.2
Staves         | |  1.0
Throwing       | |  1.0
Stealth        | |  1.1
Spellcasting   | |  2.4
Conjurations   | |  1.1
Fire Magic     | |  2.0
Evocations     | |  1.0

Action                   || total
-------------------------++-------
Melee: Quarterstaff      ||    50
 Stab: Sleeping          ||     2
Armor: Robe              ||     2
       Ring mail         ||     4
Dodge: Dodged            ||    35

Table legend:
 A = Turns spent in this place as a percentage of turns spent in the entire game.
 B = Non-inter-level travel turns spent in this place as a percentage of non-inter-level travel turns spent in the entire game.
 C = Inter-level travel turns spent in this place as a percentage of turns spent in this place.
 D = Turns resting spent in this place as a percentage of non-inter-level travel turns spent in this place.
 E = Turns spent auto-exploring this place as a percentage of non-inter-level travel turns spent in this place.
 F = Non-inter-level travel turns spent in this place divided by the number of levels of this place that you've seen.
                   A       B       C       D       E      F
               +-------+-------+-------+-------+-------+----------------------
         Total | 100.0 | 100.0 |   0.2 |   0.0 |   0.0 | 227.5
       Dungeon | 100.0 | 100.0 |   0.2 |   0.0 |   0.0 | 227.5
               +-------+-------+-------+-------+-------+----------------------

Table legend:
 A = Kills in this place as a percentage of kills in entire the game.
 B = Kills by you in this place as a percentage of kills by you in the entire game.
 C = Kills by friends in this place as a percentage of kills by friends in the entire game.
 D = Other kills in this place as a percentage of other kills in the entire game.
 E = Experience gained in this place as a percentage of experience gained in the entire game.
 F = Experience gained in this place divided by the number of levels of this place that you have seen.
                   A       B       C       D       E      F
               +-------+-------+-------+-------+-------+----------------------
         Total | 100.0 | 100.0 |  -nan |  -nan | 100.0 |  33.5
       Dungeon | 100.0 | 100.0 |  -nan |  -nan | 100.0 |  33.5
               +-------+-------+-------+-------+-------+----------------------

Vault maps used:
D:1:      scummos_arrival_simple_fountains
D:2:      nemelex_spade_bored_becter, uniq_crazy_yiuf_cottage
